 Dungeon Crawl Stone Soup version 0.27.1-2-g3b301248ec (webtiles) character file.

Game seed: 8172247635915743997

180 ABBCCCDDDD the Skirmisher (level 5, 0/37 HPs)
             Began as an Octopode Abyssal Knight on Sept 28, 2021.
             Was a Believer of Lugonu.
             Slain by Duvessa (14 damage)
             ... on level 3 of the Dungeon.
             The game lasted 00:03:11 (3980 turns).

ABBCCCDDDD the Skirmisher (Octopode Abyssal Knight) Turns: 3980, Time: 00:03:12

Health: 0/37       AC:  1    Str: 11    XL:     5   Next: 60%
Magic:  6/6        EV: 13    Int: 16    God:    Lugonu [**....]
Gold:   231        SH:  0    Dex: 11    Spells: 4/4 levels left

rFire    . . .     SeeInvis .     - Unarmed
rCold    . . .     Faith    .   (no shield)
rNeg     . . .     Spirit   .   (helmet restricted)
rPois    .         Reflect  .   (no amulet)
rElec    .         Harm     .   (no ring)
rCorr    .         Rampage  .   (no ring)
Will     .....                  (no ring)
Stlth    +++.......             (no ring)
HPRegen  0.12/turn              (no ring)
MPRegen  0.10/turn              (no ring)
                                (no ring)
                                (no ring)

@: no status effects
A: almost no armour, amphibious, 8 rings, camouflage 1, gelatinous body 1,
(nimble swimmer 1), tentacles
a: Renounce Religion, Depart the Abyss, Bend Space


You were on level 3 of the Dungeon.
You worshipped Lugonu.
Lugonu was pleased with you.
You visited 1 branch of the dungeon, and saw 4 of its levels.
You visited the Abyss 1 time.

You collected 231 gold pieces.

Inventory:

Hand Weapons
 j - a +0 spear
Missiles
 h - 3 silver boomerangs
 o - 10 poisoned darts (quivered)
Jewellery
 g - a +6 ring of dexterity
Wands
 p - a wand of digging (7)
Scrolls
 d - 6 scrolls of identify {unknown}
 f - 3 scrolls of noise {unknown}
 i - 2 scrolls of fear {unknown}
 m - 2 scrolls of teleportation {unknown}
 n - a scroll of brand weapon {unknown}
 q - a scroll of torment {unknown}
Potions
 a - 2 potions of curing
 b - a potion of magic {unknown}
 c - 2 potions of lignification {unknown}
 e - a potion of degeneration {unknown}
 k - a potion of attraction {unknown}
 l - 2 potions of flight {unknown}


   Skills:
 + Level 4.2 Fighting
 + Level 1.8 Throwing
 - Level 2.3 Dodging
 + Level 2.8 Stealth
 + Level 3.6 Unarmed Combat
 - Level 2.0 Invocations


You had 4 spell levels left.
You didn't know any spells.
Your spell library was empty.

Dungeon Overview and Level Annotations

Branches:
Dungeon (4/15)
 Temple: D:4-7

Altars:
Ru
Uskayaw
Beogh

Annotations:
D:3 exclusion: zombie, Dowan, Duvessa


Innate Abilities, Weirdness & Mutations

You cannot wear most types of armour.
You are amphibious.
You can wear up to eight rings at the same time.
Your skin changes colour to match your surroundings (Stealth+).
Your rubbery body absorbs attacks. (AC +1, EV +1)
((You are camouflaged near water. (Stealth+)))
You have tentacles for arms and can constrict up to eight enemies at once.


Message History

You throw a poisoned dart. The poisoned dart hits Duvessa.
Duvessa is poisoned.
Duvessa is lightly wounded.
Throw: 11 darts (poison)
Press: ? - help, Q - select action, (/) - cycle Shift-Dir - straight line, f/p - Duvessa
Aim: Duvessa, wielding a +0 short sword and wearing a +1 scale mail of fire resistance (lightly wounded, poisoned, 65% to hit)
You throw a poisoned dart. The poisoned dart hits Duvessa.
Duvessa looks even sicker.
Duvessa is lightly wounded.
You closely miss Duvessa. Your grab misses Duvessa.
Duvessa is lightly wounded.
Duvessa says, "Beauty is only skin deep, and my weapons penetrate much further than that."
Dowan casts a spell.
Dowan blinks!
You tentacle-slap Duvessa but do no damage.
Your grab misses Duvessa.
Duvessa is lightly wounded.
Duvessa hits you with a +0 short sword. Dowan barely misses you.
You tentacle-slap Duvessa but do no damage.
Your grab misses Duvessa.
Duvessa is lightly wounded.
Duvessa hits you with a +0 short sword! Dowan closely misses you.
You tentacle-slap Duvessa. You grab Duvessa. You squeeze Duvessa.
Duvessa is moderately wounded.
You constrict Duvessa. Duvessa hits you with a +0 short sword!
Dowan misses you.
You tentacle-slap Duvessa but do no damage.
Duvessa is moderately wounded.
You constrict Duvessa. Duvessa misses you. Dowan hits you with a +0 dagger.
You release your grip on Duvessa.
Duvessa hits you with a +0 short sword!
* * * LOW HITPOINT WARNING * * *
Dowan closely misses you.
You climb upwards.
Level annotation: exclusion: zombie
There is a stone staircase leading down here.
Dowan points at Duvessa and mumbles some strange words.
Duvessa seems to speed up.
Okay, then.
It was a potion of curing.
You feel better. Duvessa hits you with a +0 short sword!
You die...

#.......#.######.♣.....♣#.......#
#.####.....#.....♣.._..♣#####.###
#...<#.###.#.###.♣♣...♣♣# #...#
#....#.....#.#...##.....#######.#
##....#....#.#.#............# #.#
........####.....##..#..#.#.###.#
####............e..#.#.##.#......
................e#.#.#....####.##
##.####.†...#.#.@#.#.#########.##
#>##.....#.#.#....#.............
##.##.....#.#....############.###
............###..# #.###
♣♣...♣♣♣....# #..# #...# #♣.♣#
#♣...# #..######### ###.# ♣♣♣
♣.#.###..#.......# #.# #♣.♣#
♣.#..#...#.......# #.#
♣♣...♣♣♣..##.#..##.......# #.#


You could see Duvessa (fast, poisoned) and Dowan.

Levels and vault maps discovered:
D:1:      roderic_crop_circles_arrival_small, layout_loops_ring,
          minmay_shallow_snake_nest
D:2:      layout_basic, basic_altar, basic_ecumenical_altar
D:3:      layout_basic, mainiacjoe_overflow_alcove_1, serial_shops, shop,
          minmay_stone_trees_large, kennysheep_orc_chapel
D:4:      layout_basic, nicolae_wu_jian_immortal_techniques, uniq_duvessa

Notes
Turn   | Place    | Note
-------+----------+-------------------------------------------
     0 | Abyss:1  | ABBCCCDDDD the Octopode Abyssal Knight began the quest for
                  | the Orb.
     0 | Abyss:1  | Reached XP level 1. HP: 16/16 MP: 2/2
    49 | Abyss:1  | Noticed a large abomination
    95 | Abyss:1  | Reached XP level 2. HP: 3/21 MP: 3/3
   105 | Abyss:1  | Noticed a large abomination
   107 | Abyss:1  | Noticed a large abomination
   108 | D:1      | Escaped the Abyss
   678 | D:1      | Reached * piety under Lugonu
   852 | D:1      | Reached XP level 3. HP: 26/26 MP: 4/4
  1828 | D:2      | Found a faded altar of an unknown god.
  1844 | D:2      | Reached skill level 1 in Stealth
  1844 | D:2      | Reached XP level 4. HP: 5/33 MP: 5/5
  2120 | D:2      | Reached ** piety under Lugonu
  2126 | D:2      | Reached skill level 1 in Throwing
  2178 | D:2      | Reached skill level 4 in Fighting
  2268 | D:2      | Found a sacrificial altar of Ru.
  2928 | D:3      | Reached XP level 5. HP: 30/37 MP: 6/6
  3214 | D:3      | Found a hide-covered altar of Uskayaw.
  3354 | D:3      | Found Hyphow's Antique Weapon Shop.
  3938 | D:4      | Noticed Dowan
  3964 | D:4      | Noticed Duvessa
  3980 | D:3      | Slain by Duvessa

Table legend: (Time is in decaauts)
 A = Elapsed time spent in this place.
 B = Non-inter-level travel time spent in this place.
 C = Inter-level travel time spent in this place.
 D = Time resting spent in this place.
 E = Time spent auto-exploring this place.
 F = Levels seen in this place.
 G = Mean time per level.
                   A        B        C        D        E       F      G
               +--------+--------+--------+--------+--------+-----+--------+
         Total |   3970 |   3870 |    100 |    913 |   2401 |   5 |  794.0 |
       Dungeon |   3862 |   3762 |    100 |    913 |   2354 |   4 |  965.5 |
         Abyss |    107 |    107 |      0 |      0 |     47 |   1 |  107.0 |
               +--------+--------+--------+--------+--------+-----+--------+

Top non-repeatable levels by time:
     D:1: 1361 daAuts
     D:3: 1179 daAuts
     D:2: 1136 daAuts
     D:4: 184 daAuts
 Abyss:1: 107 daAuts

Table legend:
 A = Kills in this place as a percentage of kills in entire the game.
 B = Kills by you in this place as a percentage of kills by you in the entire game.
 C = Kills by friends in this place as a percentage of kills by friends in the entire game.
 D = Other kills in this place as a percentage of other kills in the entire game.
 E = Experience gained in this place as a percentage of experience gained in the entire game.
 F = Experience gained in this place divided by the number of levels of this place that you have seen.
                   A       B       C       D       E      F
               +-------+-------+-------+-------+-------+----------------------
         Total | 100.0 | 100.0 |   N/A |   N/A | 100.0 |  51.6
       Dungeon |  98.4 |  98.4 |   N/A |   N/A |  95.7 |  61.8
         Abyss |   1.6 |   1.6 |   N/A |   N/A |   4.3 |  11.0
               +-------+-------+-------+-------+-------+----------------------

Action                   |  1- 3 |  4- 6 || total
-------------------------+-------+-------++-------
Melee: Unarmed           |    81 |    69 ||   150
       Tentacles         |    11 |    14 ||    25
       Constrict         |    14 |    16 ||    30
       Punch             |     3 |       ||     3
Throw: Boomerang         |       |     2 ||     2
       Dart              |       |     3 ||     3
Invok: Depart the Abyss  |     1 |       ||     1
  Use: Potion            |       |     1 ||     1
 Stab: Sleeping          |     6 |    13 ||    19
Armor: Skin              |     9 |     3 ||    12
Dodge: Dodged            |    51 |    41 ||    92

Vanquished Creatures
  An orc priest (D:3)
  A jelly (D:2)
  5 adders
  A white imp (Abyss:1)
  An adder skeleton (D:3)
  A worm (D:3)
  A dart slug (D:2)
  4 orcs (D:3)
  7 bats
  8 endoplasms
  3 giant cockroaches
  4 goblins (D:1)
  A hobgoblin (D:2)
  6 ball pythons
  5 frilled lizards
  7 kobolds
  8 rats
64 creatures vanquished.
